 Dungeon Crawl Stone Soup version 0.29.0-13-gc9e81de378 (webtiles) character file.

Game seed: 14729692217128498156

4697 gelatine the Firebug (level 10, -6/74 HPs)
             Began as a Demonspawn Fire Elementalist on Sept 10, 2022.
             Was a Believer of Vehumet.
             Mangled by a catoblepas (28 damage)
             ... on level 9 of the Dungeon.
             The game lasted 00:33:12 (13120 turns).

gelatine the Firebug (DsFE)                        Turns: 13120, Time: 00:33:13

Health: -6/74      AC: 13    Str:  9    XL:     10   Next: 21%
Magic:  13/19      EV: 12    Int: 21    God:    Vehumet [**....]
Gold:   307        SH:  5    Dex: 13    Spells: 9/21 levels left

rFire   . . .      SeeInvis .   o - +0 rapier (protect)
rCold   . . .      Faith    .   h - +1 buckler
rNeg    . . .      Spirit   .   I - +3 leather armour {Will+}
rPois   .          Reflect  .   (helmet restricted)
rElec   .          Harm     .   (no cloak)
rCorr   .          Rampage  .   E - +2 pair of gloves
Will    +....                   (no boots)
Stlth   ++........              (no amulet)
HPRegen 0.22/turn               K - ring of wizardry
MPRegen 0.16/turn               C - +4 ring of protection

@: on blink cooldown
A: horns 2, demonic guardian 2, sturdy frame 2
a: Renounce Religion


You were on level 9 of the Dungeon.
You worshipped Vehumet.
Vehumet was pleased with you.
You visited 2 branches of the dungeon, and saw 10 of its levels.

You collected 555 gold pieces.
You spent 248 gold pieces at shops.

Inventory:

Hand Weapons
 o - a +0 rapier of protection (weapon)
 q - a +0 dagger of venom
Missiles
 e - 5 poisoned darts
 s - 11 boomerangs
 t - 16 javelins
 L - 3 silver boomerangs
 M - a boomerang of dispersal
Armour
 a - a +0 robe
 d - a +0 troll leather armour
 h - a +1 buckler (worn)
 E - a +2 pair of gloves (worn)
 F - the +0 chain mail of the Lion {Contam rC+ rN+ Dex+4 SInv}
   (You found it on level 6 of the Dungeon)

   Dex:       It affects your dexterity (+4).
   rC:        It protects you from cold.
   rN:        It protects you from negative energy.
   SInv:      It lets you see invisible.
   Contam:    It causes magical contamination when unequipped.
 I - a +3 leather armour of willpower (worn)
Magical Staves
 f - a staff of cold
 g - a staff of conjuration
 l - a staff of poison
 A - a staff of fire
Jewellery
 p - a ring of see invisible
 C - a +4 ring of protection (right hand)
 D - a ring of magical power
 K - a ring of wizardry (left hand)
Wands
 r - a wand of flame (44)
 G - a wand of mindburst (20)
 P - a wand of iceblast (10)
Scrolls
 b - a scroll of enchant armour
 c - a scroll of brand weapon {unknown}
 i - a scroll of enchant weapon {unknown}
 k - 5 scrolls of teleportation
 u - a scroll of blinking {unknown}
 v - a scroll of fear {unknown}
 w - a scroll of magic mapping {unknown}
 x - a scroll of fog {unknown}
 y - a scroll of noise {unknown}
 H - 2 scrolls of poison {unknown}
 N - 3 scrolls of immolation {unknown}
Potions
 j - 3 potions of invisibility
 m - a potion of haste
 n - a potion of brilliance
 z - a potion of flight {unknown}
 J - a potion of might {unknown}
 O - a potion of mutation {unknown}
 Q - a potion of degeneration {unknown}


   Skills:
 * Level 5.1 Fighting
 + Level 2.2 Short Blades
 * Level 2.5 Armour
 * Level 3.9 Dodging
 + Level 3.1 Stealth
 + Level 2.6 Shields
 + Level 6.3 Spellcasting
 + Level 5.0 Conjurations
 + Level 2.3 Translocations
 + Level 6.8 Fire Magic
 * Level 4.6 Evocations


You had 9 spell levels left.
You knew the following spells:

 Your Spells              Type           Power      Damage    Failure   Level
a - Foxfire               Conj/Fire      100%       2x1d9     1%          1
b - Scorch                Fire           70%        2d9       1%          2
c - Flame Wave            Conj/Fire      31%        2d9       4%          4
d - Blink                 Tloc           32%        N/A       3%          2
e - Shock                 Conj/Air       68%        1d7       1%          1
f - Poisonous Vapours     Pois/Air       12%        N/A       8%          2

Your spell library contained the following spells:

 Spells                   Type           Power      Damage    Failure   Level
 Magic Dart               Conj           100%       1d8       1%          1
 Searing Ray              Conj           54%        2d6       1%          2
 Conjure Flame            Conj/Fire      31%        6-21      1%          3
 Inner Flame              Hex/Fire       21%        N/A       3%          3
 Sandblast                Erth           12%        2d6       4%          1
 Stone Arrow              Conj/Erth      34%        3d9       5%          3
 Lesser Beckoning         Tloc           16%        N/A       6%          3
 Passwall                 Tmut/Erth      5%         N/A       8%          2
 Sublimation of Blood     Necr           6%         N/A       8%          2
 Fulminant Prism          Conj/Hex       8%         3d7       17%         4
 Petrify                  Tmut/Erth      6%         N/A       43%         4
 Irradiate                Conj/Tmut      8%         3d14      43%         5
 Manifold Assault         Tloc           16%        N/A       45%         5


Dungeon Overview and Level Annotations

Branches:
Dungeon (9/15)             Temple (1/1) D:6
   Lair: D:8-11         Orc: D:9-12

Altars:
Ashenzari
Cheibriados
Dithmenos
Fedhas
Gozag
Hepliaklqana
Kikubaaqudgha
Makhleb
Nemelex Xobeh
Okawaru
Qazlal
Ru
Sif Muna
Trog
Uskayaw
Vehumet
Wu Jian
Xom
Yredelemnul

Shops:
D:1 [   D:2 (   D:4 *


Innate Abilities, Weirdness & Mutations

You have a pair of horns on your head.
A demonic guardian rushes to your aid.
Your movements are less encumbered by armour. (ER -4)


Message History

Confirm with . or Enter, or press ? or * to list all spells.
Aiming: Shock (safe; 1% risk of failure)
Press: ? - help, Shift-Dir - straight line, f/p - deep elf pyromancer
Aim: a deep elf pyromancer, wielding a +0 long sword and wearing a +0 ring mail (heavily wounded, 64% to hit)
The zap misses the deep elf pyromancer.
The fire elemental closely misses you.
Your rust devil completely misses the fire elemental.
Unknown command.
Aiming: Mindburst
Press: ? - help, Q - select action, (/) - cycle Shift-Dir - straight line, f/p - deep elf pyromancer
Aim: a deep elf pyromancer, wielding a +0 long sword and wearing a +0 ring mail (heavily wounded, chance to affect: 66%)
The deep elf pyromancer's mind is blasted!
The fire elemental barely misses you.
The deep elf pyromancer gestures at you while chanting.
The bolt of fire hits the fire elemental.
The fire elemental completely resists.
The bolt of fire hits you!!
* * * LOW HITPOINT WARNING * * *
Your rust devil barely misses the fire elemental.
Aiming: Iceblast
Press: ? - help, Q - select action, (/) - cycle Shift-Dir - straight line, p - deep elf pyromancer
Okay, then.
Aiming: Mindburst
Press: ? - help, Q - select action, (/) - cycle Shift-Dir - straight line, f/p - deep elf pyromancer
Aim: a deep elf pyromancer, wielding a +0 long sword and wearing a +0 ring mail (almost dead, chance to affect: 66%)
The deep elf pyromancer's mind is blasted!!
You blow up the deep elf pyromancer!
Vehumet accepts your kill.
You feel your power returning.
The fire elemental disappears in a puff of smoke!
Your Fighting skill increases to level 5!
Your Conjurations skill increases to level 5!
You start resting.
The wyvern hisses menacingly.
Your rust devil disappears in a puff of smoke!
A catoblepas is nearby!
Casting: Shock (safe; 1% risk of failure)
Confirm with . or Enter, or press ? or * to list all spells.
You blink.
The catoblepas bellows!
The catoblepas gores you!!
You die...

.......)).).##..e.....
.. ..#
............##........
............##yo##....#
............###..######
.............##y..####.
####+#######.###l......
#..####o..? ##..######
##.@.###### ##.Y......
#.##..### ##.##.####
#.ยง.......
#.....).....
#...#.....[...
+..###......... ##
#.........


You could see a catoblepas, a wyvern and an orc wizard.

Vanquished Creatures
  A deep elf pyromancer (D:9)
  A troll (D:9)
  Prince Ribbit (D:5)
  3 wyverns
  2 water moccasins (D:7)
  4 orc warriors
  A sky beast (D:7)
  A black bear (D:5)
  3 ogres
  A centaur (D:8)
  2 phantoms (D:7)
  A kobold brigand (D:9)
  4 bullfrogs
  2 necrophages
  2 gnoll sergeants
  4 scorpions
  5 killer bees (D:9)
  A gnoll bouda (D:5)
  2 hounds
  5 jellies
  3 orc priests
  2 iguanas
  5 orc wizards
  13 gnolls
  9 adders
  2 shadow imps (D:6)
  3 white imps (D:6)
  An ufetubus (D:5)
  2 dart slugs
  43 orcs
  6 bats
  5 endoplasms
  6 giant cockroaches
  4 hobgoblins
  11 jackals
  4 quokkas
  4 ball pythons
  5 frilled lizards
  6 goblins
  11 kobolds
  3 rats
194 creatures vanquished.

Vanquished Creatures (collateral kills)
  2 orc warriors (D:8)
  A killer bee (D:9)
  4 orcs
  4 foxfires (D:8)
11 creatures vanquished.

Vanquished Creatures (others)
  707 foxfires
707 creatures vanquished.

Grand Total: 912 creatures vanquished

Notes
Turn   | Place    | Note
-------+----------+-------------------------------------------
     0 | D:1      | gelatine the Demonspawn Fire Elementalist began the quest
                  | for the Orb.
     0 | D:1      | Reached XP level 1. HP: 13/13 MP: 3/3
   189 | D:1      | Gained mutation: You have a pair of small horns on your
                  | head. [demonic ancestry]
   189 | D:1      | Reached XP level 2. HP: 19/19 MP: 0/5
   522 | D:1      | Found Dedgh's Antique Armour Emporium.
   918 | D:1      | Learned a level 2 spell: Scorch
  1483 | D:2      | Reached XP level 3. HP: 24/24 MP: 2/6
  1920 | D:2      | Found Ynenud's Weapon Boutique.
  2636 | D:2      | Found a faded altar of an unknown god.
  2865 | D:2      | Bought a +0 rapier of protection for 68 gold pieces
  2943 | D:3      | Gained mutation: Your movements are slightly less
                  | encumbered by armour. (ER -2) [demonic ancestry]
  2943 | D:3      | Reached XP level 4. HP: 30/30 MP: 5/8
  3253 | D:3      | Found a faded altar of an unknown god.
  3952 | D:3      | Found a basalt altar of Yredelemnul.
  4106 | D:4      | Learned a level 4 spell: Flame Wave
  4241 | D:4      | Noticed an ogre
  4319 | D:4      | Found Ilad Zoi's General Store.
  4342 | D:4      | Killed an ogre
  4343 | D:4      | Reached skill level 1 in Fighting
  4343 | D:4      | Reached skill level 1 in Shields
  4343 | D:4      | Gained mutation: Your movements are less encumbered by
                  | armour. (ER -4) [demonic ancestry]
  4343 | D:4      | Reached XP level 5. HP: 37/37 MP: 0/10
  4888 | D:4      | Reached skill level 1 in Short Blades
  4888 | D:4      | Gained mutation: A weak demonic guardian rushes to your
                  | aid. [demonic ancestry]
  4888 | D:4      | Reached XP level 6. HP: 32/43 MP: 4/11
  5223 | D:5      | Entered Level 5 of the Dungeon
  5273 | D:5      | Noticed Prince Ribbit
  5333 | D:5      | Found a shimmering altar of Xom.
  5517 | D:5      | Killed Prince Ribbit
  5518 | D:5      | Reached XP level 7. HP: 51/51 MP: 6/13
  5794 | D:5      | Reached skill level 1 in Evocations
  7147 | D:1      | Bought a pair of glowing gloves for 180 gold pieces
  7349 | D:6      | Reached skill level 5 in Fire Magic
  7349 | D:6      | Gained mutation: A demonic guardian rushes to your aid.
                  | [demonic ancestry]
  7349 | D:6      | Reached XP level 8. HP: 57/57 MP: 6/14
  7512 | D:6      | Found a shimmering blue altar of Sif Muna.
  7512 | D:6      | Found a sparkling altar of Nemelex Xobeh.
  7513 | D:6      | Found an iron altar of Okawaru.
  7695 | D:6      | Found a staircase to the Ecumenical Temple.
  7728 | Temple   | Entered the Ecumenical Temple
  7893 | Temple   | Became a worshipper of Vehumet
  7912 | D:6      | Identified the +0 chain mail of the Lion {Contam rC+ rN+
                  | Dex+4 SInv}
  8189 | D:6      | Reached skill level 5 in Spellcasting
  8758 | D:6      | Found an opulent altar of Gozag.
  8758 | D:6      | Found an ornate altar of the Wu Jian Council.
  9078 | D:7      | Learned a level 2 spell: Blink
  9374 | D:7      | Reached skill level 1 in Translocations
  9806 | D:7      | Gained mutation: You have a pair of horns on your head.
                  | [demonic ancestry]
  9806 | D:7      | Reached XP level 9. HP: 64/64 MP: 9/16
 10621 | D:8      | Found a bloodstained altar of Trog.
 10825 | D:8      | Reached * piety under Vehumet
 10825 | D:8      | Offered knowledge of Shock by Vehumet.
 11015 | D:8      | Found a blossoming altar of Fedhas.
 11028 | D:8      | Learned a level 1 spell: Shock
 11103 | D:8      | Reached skill level 1 in Armour
 12237 | D:9      | HP: 2/66 [orc warrior/+0 hand axe (15)]
 12238 | D:9      | Reached ** piety under Vehumet
 12240 | D:9      | Offered knowledge of Poisonous Vapours by Vehumet.
 12513 | D:9      | Learned a level 2 spell: Poisonous Vapours
 12544 | D:9      | Reached XP level 10. HP: 21/73 MP: 1/19
 12864 | D:9      | Noticed a catoblepas
 12866 | D:9      | Noticed a deep elf pyromancer
 13069 | D:9      | Noticed a deep elf pyromancer
 13086 | D:9      | Killed a deep elf pyromancer
 13087 | D:9      | Reached skill level 5 in Fighting
 13087 | D:9      | Reached skill level 5 in Conjurations
 13120 | D:9      | Mangled by a catoblepas

Illustrated notes

Levels and vault maps discovered:
D:1:      lemuel_arrival_rhombus, layout_loops_ring, serial_shops, shop,
          minmay_misc_feat_diagonals, minmay_misc_feat_rows
D:2:      layout_loops_ring, serial_shops, shop_statue,
          hellmonk_ecumenical_altar_inner_sanctum
D:3:      layout_basic, mainiacjoe_overflow_alcove_2,
          nicolae_overflow_ecumenical_swirl
D:4:      layout_loops_cross, serial_shops, shop, bh_walls_and_bars
D:5:      layout_layer_cave, mainiacjoe_overflow_six_doors_small,
          nicolae_elevator_lobby_asterisk, uniq_prince_ribbit1
D:6:      layout_layer_cave, gammafunk_temple_overflow_forgotten,
          nicolae_overflow_two_pavilions, minmay_temple_entry_grid
D:7:      layout_basic, hex_medium
D:8:      layout_basic, fedhas_bush_and_centaur_altar, lemuel_round_altar,
          special_room [special_room_orc]
D:9:      layout_roguey, chequers_decorated_corner,
          minmay_mirror_moons_of_madness
Temple:   hellmonk_temple_flake

Skill      XL: |  1  2  3  4  5  6  7  8  9 10 |
---------------+-------------------------------+-----
Fire Magic     | 3 4 5 6 |  6.8
Stealth        | 2 3 |  3.1
Dodging        | 2 3 |  3.9
Spellcasting   | 3 4 5 6 |  6.3
Fighting       | 1 2 3 4 5 |  5.1
Shields        | 1 2 |  2.6
Conjurations   | 2 3 4 5 |  5.0
Short Blades   | 1 2 |  2.2
Evocations     | 1 2 4 |  4.6
Translocations | 1 2 |  2.3
Armour         | 1 2 |  2.5

Action                   |  1- 3 |  4- 6 |  7- 9 | 10-12 || total
-------------------------+-------+-------+-------+-------++-------
Melee: Dagger            |    44 |       |       |       ||    44
       Headbutt          |     5 |     9 |    15 |     1 ||    30
       Punch             |     1 |       |       |       ||     1
       Rapier            |       |    38 |    85 |     8 ||   131
 Cast: Foxfire           |    95 |    94 |   239 |    10 ||   438
       Scorch            |     8 |     5 |    68 |     6 ||    87
       Blink             |       |       |     4 |     1 ||     5
       Shock             |       |       |       |     5 ||     5
       Flame Wave        |       |       |       |     1 ||     1
Evoke: Wand              |       |       |     1 |     2 ||     3
  Use: Potion            |     3 |       |     2 |       ||     5
       Scroll            |       |       |     5 |     1 ||     6
 Stab: Sleeping          |       |       |     1 |       ||     1
Armor: Robe              |    12 |     9 |    22 |       ||    43
       Leather armour    |       |       |    41 |     8 ||    49
Dodge: Dodged            |    38 |    23 |   122 |    10 ||   193
Block: Buckler           |       |     6 |    47 |    11 ||    64
